 Dungeon Crawl Stone Soup version 0.26-a0-491-g70697cc071 (webtiles) character file.

Game seed: 13940894583311966359

2356259 dvd2 the Minotaur Arbalest (level 27, 273/273 HPs)
             Began as a Minotaur Monk on Aug 4, 2020.
             Was the Champion of Fedhas.
             Escaped with the Orb
             ... and 4 runes on Aug 5, 2020!
             The game lasted 05:52:24 (75068 turns).

dvd2 the Minotaur Arbalest (Minotaur Monk)         Turns: 75068, Time: 05:52:24

Health: 273/273    AC: 52    Str: 33    XL:     27
Magic:  30/33      EV: 17    Int:  5    God:    Fedhas [******]
Gold:   8670       SH:  0    Dex:  8    Spells: 33/36 levels left

rFire    + . .     SeeInvis .   c - +7 triple crossbow of Votsop {elec, MR+ Str+4 Dex-4}
rCold    + . .     Faith    .   (shield currently unavailable)
rNeg     + . .     Spirit   .   P - +12 gold dragon scales
rPois    +         Reflect  .   j - +2 hat
rElec    +         Harm     .   g - +2 cloak {rCorr}
rCorr    +                      h - +2 pair of gloves {Str+3}
MR       +++++                  l - +2 pair of boots {Fly}
Stlth    ..........             f - amulet of regeneration
HPRegen  0.95/turn              x - ring "Puymuivem" {MR+++ EV+4 Dex-4 Slay+4}
MPRegen  0.23/turn              t - ring "Wetaleeh" {rElec rN+}

@: flying
A: retaliatory headbutt, beak, horns 2, dopey 1, magic resistance 1, no potion
heal 1
0: Orb of Zot
}: 4/15 runes: decaying, slimy, silver, gossamer
a: Wall of Briars, Grow Ballistomycete, Overgrow, Grow Oklob, Renounce Religion,
Stop Flying


You escaped.
You worshipped Fedhas.
Fedhas was exalted by your worship.
You visited 11 branches of the dungeon, and saw 57 of its levels.
You visited 1 bazaar.
You also visited: Bailey, Gauntlet, Ice Cave and Wizlab.

You collected 15189 gold pieces.
You spent 6519 gold pieces at shops.

Inventory:

Hand Weapons
 a - the +8 mithril axe "Arga" {speed, MR+}
   (You found it in a Gauntlet)

   Attacks with this weapon are significantly faster.
   It affects your resistance to hostile enchantments.
 b - a +8 battleaxe of flaming
 c - the +7 triple crossbow of Votsop (weapon) {elec, MR+ Str+4 Dex-4}
   (You acquired it on level 1 of the Elven Halls)

   It charges the ammunition it shoots with electricity; occasionally upon a
   hit, such missiles may discharge and cause terrible harm.
   It affects your strength (+4).
   It affects your dexterity (-4).
   It affects your resistance to hostile enchantments.
 d - a +5 battleaxe of freezing
 m - the +8 battleaxe of Rotten Valour {vorpal, rN+}
   (You found it on level 4 of the Depths)

   It inflicts extra damage upon your enemies.
   It protects you from negative energy.
Missiles
 w - 20 javelins
 D - 1356 bolts (quivered)
 K - 20 silver javelins
 N - 139 boomerangs
Armour
 g - a +2 cloak of preservation (worn)
 h - a +2 pair of gloves of strength (worn)
 j - a +2 hat (worn)
 l - a +2 pair of boots of flying (worn)
 G - a scarf of repulsion
 J - the +5 ring mail "Hemuyr" {rPois Regen+ SInv}
   (You found it on level 1 of the Vaults)

   It protects you from poison.
   It lets you see invisible.
   It increases your rate of regeneration.
 P - +12 gold dragon scales (worn)
Jewellery
 f - an amulet of regeneration (around neck)
 t - the ring "Wetaleeh" (right hand) {rElec rN+}
   (You acquired it on level 10 of the Dungeon)

   [ring of positive energy]

   It insulates you from electricity.
   It protects you from negative energy.
 x - the ring "Puymuivem" (left hand) {MR+++ EV+4 Dex-4 Slay+4}
   (You took it off a deep elf demonologist on level 3 of the Elven Halls)

   [ring of evasion]

   It affects your evasion (+4).
   It affects your dexterity (-4).
   It affects your accuracy and damage with ranged weapons and melee attacks
   (+4).
   It affects your resistance to hostile enchantments.
 y - the amulet "Cumnam" {Spirit rN++}
   (You found it on level 5 of the Vaults)

   [amulet of guardian spirit]

   It causes incoming damage to be split between your health and magic.
   It greatly protects you from negative energy.
 A - an uncursed amulet of reflection
 L - an uncursed ring of see invisible
Wands
 r - a wand of paralysis (47)
 I - a wand of flame (45)
 S - a wand of digging (3)
 T - a wand of random effects (14)
 W - a wand of disintegration (64)
 Y - a wand of iceblast (55)
 Z - a wand of acid (20)
Scrolls
 e - 4 scrolls of holy word
 n - 6 scrolls of magic mapping
 o - 24 scrolls of teleportation
 q - 24 scrolls of remove curse
 s - 11 scrolls of fear
 v - 6 scrolls of fog
 z - 2 scrolls of summoning
 C - 44 scrolls of identify
 Q - 10 scrolls of blinking
 U - 2 scrolls of enchant armour
Potions
 i - 14 potions of flight
 k - 9 potions of stabbing
 p - 2 potions of cancellation
 u - 19 potions of heal wounds
 B - 4 potions of invisibility
 E - 12 potions of haste
 F - 34 potions of curing
 H - 4 potions of ambrosia
 M - 7 potions of magic
 O - 6 potions of mutation
 V - 6 potions of might
 X - 4 potions of resistance
Miscellaneous
 R - a lightning rod (4/4)


   Skills:
 O Level 27 Fighting
 O Level 27 Axes
   Level 4.0(19.0) Maces & Flails
   Level 11.6(21.0) Polearms
   Level 3.4(5.3) Slings
 O Level 27 Crossbows
 + Level 5.6(6.0) Throwing
 * Level 26.0 Armour
 * Level 13.9 Dodging
 + Level 5.9 Stealth
 + Level 5.3 Spellcasting
 + Level 5.7 Translocations
 * Level 15.8 Invocations
 + Level 3.1 Evocations


You had 33 spell levels left.
You knew the following spells:

 Your Spells              Type           Power        Failure   Level
a - Blink                 Tloc           N/A          22%         2
b - Apportation           Tloc           #.....       14%         1

Your spell library contained the following spells:

 Spells                   Type           Power        Failure   Level
 Gell's Gravitas          Tloc           #.........   41%         3
 Animate Skeleton         Necr           #.....       85%         1
 Beastly Appendage        Tmut           #.....       85%         1
 Corona                   Hex            #......      85%         1
 Foxfire                  Conj/Fire      #...         85%         1
 Freeze                   Ice            #...         85%         1
 Magic Dart               Conj           #...         85%         1
 Shock                    Conj/Air       #...         85%         1
 Summon Small Mammal      Summ           #...         85%         1
 Call Imp                 Summ           #.......     94%         2
 Corpse Rot               Necr/Air       N/A          94%         2
 Ensorcelled Hibernation  Hex/Ice        #.....       94%         2
 Searing Ray              Conj           #.....       94%         2
 Slow                     Hex            #.......     94%         2
 Sublimation of Blood     Necr           #.........   94%         2
 Swiftness                Air            #.......     94%         2
 Wereblood                Tmut           #.......     94%         2
 Call Canine Familiar     Summ           #.......     99%         3
 Confusing Touch          Hex            #.......     99%         3
 Conjure Flame            Conj/Fire      #.......     99%         3
 Dazzling Flash           Conj/Hex       #.....       99%         3
 Frozen Ramparts          Ice            #.....       99%         3
 Ignite Poison            Fire/Tmut/Pois #.......     99%         3
 Inner Flame              Hex/Fire       #.......     99%         3
 Mephitic Cloud           Conj/Pois/Air  #.......     99%         3
 Ozocubu's Armour         Ice            #.......     99%         3
 Spider Form              Tmut/Pois      #.........   99%         3
 Static Discharge         Conj/Air       #.......     99%         3
 Stone Arrow              Conj/Erth      #.....       99%         3
 Summon Guardian Golem    Hex/Summ       #.......     99%         3
 Tukima's Dance           Hex            #.......     99%         3
 Vampiric Draining        Necr           #.........   99%         3
 Iskenderun's Mystic Bla  Conj/Tloc      #.......     99%         4
 Airstrike                Air            #.........   100%        4
 Animate Dead             Necr           #.........   100%        4
 Dispel Undead            Necr           #.......     100%        4
 Fulminant Prism          Conj/Hex       #.........   100%        4
 Hailstorm                Conj/Ice       #.......     100%        4
 Ice Form                 Ice/Tmut       #.......     100%        4
 Leda's Liquefaction      Hex/Erth       #.........   100%        4
 Olgreb's Toxic Radiance  Pois           #.......     100%        4
 Petrify                  Tmut/Erth      #.......     100%        4
 Sticky Flame             Conj/Fire      #.......     100%        4
 Summon Ice Beast         Ice/Summ       #.......     100%        4
 Summon Lightning Spire   Summ/Air       #.......     100%        4
 Agony                    Necr           #.......     100%        5
 Alistair's Intoxication  Tmut/Pois      #........    100%        5
 Blade Hands              Tmut           #.........   100%        5
 Bolt of Magma            Conj/Fire/Erth #.........   100%        5
 Borgnjor's Vile Clutch   Necr/Erth      #.........   100%        5
 Excruciating Wounds      Necr           #.........   100%        5
 Fireball                 Conj/Fire      #.........   100%        5
 Irradiate                Conj/Tmut      #.........   100%        5
 Iskenderun's Battlesphe  Conj           #.......     100%        5
 Lightning Bolt           Conj/Air       #.........   100%        5
 Metabolic Englaciation   Hex/Ice        #.........   100%        5
 Silence                  Hex/Air        #.........   100%        5
 Summon Demon             Summ           #.........   100%        5
 Summon Forest            Summ/Tloc      #.........   100%        5
 Summon Mana Viper        Hex/Summ       #.......     100%        5
 Yara's Violent Unravell  Hex/Tmut       #.........   100%        5
 Conjure Ball Lightning   Conj/Air       #.........   100%        6
 Death Channel            Necr           #.........   100%        6
 Eringya's Noxious Bog    Tmut/Pois      #.........   100%        6
 Hydra Form               Tmut           #.........   100%        6
 Iron Shot                Conj/Erth      #.........   100%        6
 Shadow Creatures         Summ           N/A          100%        6
 Simulacrum               Ice/Necr       #.........   100%        6
 Statue Form              Tmut/Erth      #........    100%        6
 Haunt                    Necr/Summ      #.........   100%        7
 Orb of Destruction       Conj           #.........   100%        7
 Spellforged Servitor     Conj/Summ      #.........   100%        7
 Summon Hydra             Summ           #.........   100%        7
 Borgnjor's Revivificati  Necr           #.........   100%        8
 Infestation              Necr           #.........   100%        8
 Necromutation            Tmut/Necr      #.........   100%        8
 Death's Door             Necr           #.........   100%        9
 Shatter                  Erth           #.........   100%        9
 Tornado                  Air            #.........   100%        9


Dungeon Overview and Level Annotations

Branches:
Dungeon (15/15)            Temple (0/1) D:6            Lair (6/6) D:10
  Swamp (4/4) Lair:2       Spider (4/4) Lair:2        Slime (5/5) Lair:6
    Orc (2/2) D:11            Elf (3/3) Orc:2        Vaults (5/5) D:13
  Crypt (3/3) Vaults:2       Tomb (0/3) Crypt:3      Depths (5/5) D:15
    Zot (5/5) Depths:5     Bailey (visited)           IceCv (visited)
 WizLab (visited)         Gauntlet (visited)

Altars:
Ashenzari
Elyvilon
Fedhas
Hepliaklqana
Kikubaaqudgha
Okawaru
Qazlal
Trog
Vehumet
Wu Jian
Xom
Yredelemnul
Zin
The Shining One
Beogh
Jiyva

Shops:
D:11 }   D:15 ?   Orc:1 =   Orc:2 (:*:!   Elf:1 ?   Depths:2 ==}

Portals:
Hell: Depths:1 Depths:2 Depths:3 Depths:4 Depths:5
Abyss: Orc:1 Depths:2 Depths:4 Depths:5
Pandemonium: Depths:3
Ziggurat: Depths:2

Annotations:
D:14 1 runed translucent door
Depths:5 3 runed translucent doors


Innate Abilities, Weirdness & Mutations

You reflexively headbutt those who attack you in melee.
You have a pair of horns on your head.
You have a beak for a mouth.
You are dopey. (Int -2)
You are resistant to hostile enchantments. (MR+)
Potions are less effective at restoring your health.


Message History

(N) Spider Nest (M) Slime Pits (O) Orcish Mines (E) Elven Halls (V) Vaults (C) Crypt (W) Tomb (U) Depths (H) Hell (Z) Zot
Where to? (Enter - D:1 @ (x,y), ? - help)
There is a staircase leading out of the dungeon here.
Unknown command.
Really quaff the potion of mutation?
You feel extremely strange.
You no longer feel cold resistant.
You feel more energetic.
You feel healthier.
You feel clumsy.
You feel your magical essence link to the dungeon's wands.
Unknown command.
Really quaff the potion of mutation?
You feel extremely strange.
Your magical essence no longer links to wands of the dungeon.
You feel agile.
Your system partially rejects the healing effects of potions.
Your mouth lengthens and hardens into a beak!
Unknown command.
You have escaped!

###################.##
...##...##.#..#..##.#
.#....##.##.##..###.#
#....#...#.#.##..##.#
.#.....#.###...####.#####
.#...#..#...#.### #.#...#
#..#...#.######.###.#...#
..#...#.##.#...#.##.#...#
......##.##..###@##.#...#
....#..#.#.###..###.#...#
#..#.))##.###.#.###.....#
..#..#..#.#...##.##..>..#
.##.##..##(####..##.#...#
.#..#..#.#..#..####.#...#
#.#...##.##..##..##.#####
#......##...#....##.#
###################(#


There were no monsters in sight!

Vanquished Creatures
  Dissolution (Slime:3)
  the Royal Jelly (Slime:5)
  5 orbs of fire
  9 ancient liches
  Mennas (Crypt:2)
  2 juggernauts
  Boris (twice) (Vaults:2 Depths:1)
  A greater mummy (WizLab)
  the Lernaean hydra (Swamp:4)
  2 curse toes
  3 Killer Klowns (Zot:5)
  Saint Roka (Crypt:3)
  Margery (Depths:4)
  Xtahua (Crypt:3)
  A caustic shrike (Depths:2)
  2 bone dragons
  16 golden dragons
  Nikola (Spider:2)
  Jory (Depths:4)
  A pearl dragon (Depths:3)
  2 Brimstone Fiends
  3 electric golems
  9 liches
  Rupert (Lair:4)
  A hellephant (Depths:3)
  15 tentacled monstrosities
  Jorgrun (Orc:2)
  23 Orb Guardians
  7 quicksilver dragons
  7 titans
  7 ancient champions
  15 acid blobs
  3 deep elf blademasters
  2 deep elf master archers (Elf:3)
  An Executioner (D:1)
  4 sphinxes
  9 death cobs
  8 shadow dragons
  The ghost of Tejew the Carver, an adept HuGl of Makhleb (Swamp:1)
  6 draconian monks
  Kirke (Spider:2)
  Donald (Spider:2)
  19 storm dragons
  6 tengu reavers
  9 azure jellies
  A revenant (Crypt:1)
  12 frost giants
  The ghost of melvinkitnick the Unseen, an adept KoEn of Dithmenos (Swamp:3)
  4 draconian knights
  18 fire giants
  5 deep elf sorcerers
  A cacodemon (Zot:5)
  The ghost of Feac the Severer, a journeyman DsBe of Trog (Orc:1)
  3 balrugs (Depths:3)
  3 emperor scorpions
  The ghost of Cegacaint the Carver, a journeyman DsFi of Okawaru (Spider:3)
  11 draconian shifters
  Louise (Elf:2)
  5 orc warlords
  9 ghost moths
  Aizul (Elf:3)
  26 ironheart preservers
  11 draconian scorchers
  11 vault wardens
  A curse skull (Crypt:2)
  5 ghouls
  3 deep elf elementalists (Elf:3)
  A reaper (D:5)
  28 very ugly things
  3 draconian annihilators
  6 entropy weavers
  A war gargoyle (Vaults:5)
  An ophan (Depths:3)
  13 draconian stormcallers
  A juggernaut skeleton (Crypt:2)
  4 vampire knights
  26 stone giants
  15 green draconians
  9 black draconians
  11 deep elf demonologists
  Nessos (Orc:2)
  5 white draconians
  An apis (Depths:3)
  6 deep elf annihilators
  10 red draconians
  21 yellow draconians
  10 spark wasps
  5 purple draconians
  A minotaur (Gauntlet)
  4 eidola
  4 mummy priests (WizLab)
  15 deep elf death magi
  15 death oozes
  Snorg (Lair:6)
  7 jiangshi (Crypt:1)
  16 ettins
  2 green deaths
  A crystal guardian (Vaults:3)
  3 quicksilver dragon zombies
  20 yaktaur captains
  11 fire dragons
  7 deep elf high priests
  13 great orbs of eyes
  The ghost of caaleb the Basher, a journeyman PaWn of Okawaru (D:11)
  A quicksilver dragon skeleton (Crypt:3)
  40 vault guards
  6 rakshasas
  3 monstrous demonspawn
  25 hydras
  2 ghost crabs
  A merfolk avatar (Lair:6)
  6 ice dragons
  3 spriggan air magi
  17 ogre magi
  12 centaur warriors
  7 alligators
  24 dancing weapons
  11 deep troll shamans
  11 death yaks
  2 death knights
  55 two-headed ogres
  A queen ant (Lair:6)
  6 vampire magi
  A spriggan berserker (Depths:3)
  4 tengu warriors
  2 hell hogs (Orc:1)
  13 deep troll earth magi
  7 orc high priests
  A titan zombie (WizLab)
  A storm dragon zombie (Crypt:3)
  A sun demon (Depths:3)
  24 hell knights
  26 deep elf knights
  4 sixfirhies
  3 iron trolls (Depths:1)
  Sonja (Lair:2)
  27 skeletal warriors
  5 shadow wraiths
  A death drake (Zot:3)
  40 deep trolls
  5 spriggans
  A golden dragon zombie (Crypt:3)
  A cherub (D:1)
  9 wizards
  A shadow demon (Depths:3)
  7 unseen horrors
  8 glowing orange brains
  A deep troll (shapeshifter) (Vaults:5)
  13 swamp dragons
  11 phantasmal warriors
  2 storm dragon skeletons
  18 deep elf archers
  An infernal demonspawn (D:8)
  2 flayed ghosts
  3 orange crystal statues (Depths:1)
  A tengu zombie (WizLab)
  19 ironbrand convokers
  22 orc knights
  2 obsidian statues
  5 large abominations
  10 necromancers
  29 wolf spiders
  2 frost giant zombies
  An iron dragon zombie (Crypt:3)
  68 deep elf magi
  An orb spider (shapeshifter) (Vaults:1)
  A shadow dragon zombie (Crypt:3)
  30 orb spiders
  15 harpies
  42 ugly things
  5 orc sorcerers
  4 shining eyes
  2 fire giant zombies (Crypt:3)
  3 manticores
  A cyclops (shapeshifter) (Vaults:4)
  3 cyclopes
  8 black mambas
  2 centaur zombies
  10 elephants
  A worldbinder (Orc:1)
  Joseph (D:7)
  A stone giant zombie (WizLab)
  33 moths of wrath
  A moth of wrath (shapeshifter) (Depths:4)
  A gargoyle (D:12)
  A toenail golem (Depths:5)
  A frost giant skeleton (Depths:1)
  2 orange demons
  A stone giant skeleton (Depths:1)
  12 cane toads
  An ice statue (IceCv)
  A titan simulacrum (Crypt:3)
  2 eyes of devastation (Slime:5)
  2 demonspawn zombies (WizLab)
  A torpor snail (shapeshifter) (Depths:5)
  A torpor snail (Spider:2)
  4 smoke demons (Depths:3)
  3 centaur skeletons
  A sea snake zombie (Crypt:3)
  24 vault sentinels
  3 hellions
  3 kobold demonologists
  11 freezing wraiths
  2 efreet (D:15)
  3 ice devils
  9 komodo dragons
  A minotaur zombie (Crypt:3)
  A pale draconian skeleton (Crypt:2)
  10 swamp worm zombies (Crypt:3)
  A tengu conjurer (Depths:5)
  A queen bee (shapeshifter) (Vaults:5)
  14 demonic crawlers
  6 rime drakes
  54 yaktaurs
  A green draconian zombie (Crypt:1)
  4 guardian mummies
  A hellwing (D:3)
  A minotaur skeleton (Crypt:2)
  A red draconian skeleton (Crypt:3)
  A death drake zombie (Crypt:2)
  51 jumping spiders
  3 meliai (D:13)
  7 trolls
  A jumping spider (shapeshifter) (Vaults:5)
  A wind drake (Lair:6)
  19 polar bears
  A troll (shapeshifter) (D:13)
  10 tyrant leeches
  17 hornets
  A wind drake (shapeshifter) (Vaults:2)
  7 bog bodies
  A fire dragon zombie (Crypt:2)
  A meliai zombie (D:13)
  13 blink frogs
  A tarantella zombie (Crypt:2)
  89 slime creatures
  A dream sheep (shapeshifter) (Vaults:1)
  2 hippogriffs (shapeshifter)
  A deep troll zombie (WizLab)
  A frost giant simulacrum (Depths:1)
  7 dream sheep (Lair:5)
  A fire giant simulacrum (Vaults:3)
  A harpy skeleton (Crypt:3)
  A raiju (shapeshifter) (D:15)
  9 hippogriffs
  A spriggan (shapeshifter) (Elf:3)
  Sigmund (D:5)
  A spriggan zombie (WizLab)
  A stone giant simulacrum (Depths:1)
  2 air elementals (Elf:1)
  2 shadows
  A black mamba zombie (Crypt:2)
  43 tarantellas
  97 redbacks
  2 water elementals
  A vampire (D:15)
  5 wyverns
  47 yaks
  5 wraiths
  A wyvern (shapeshifter) (Vaults:4)
  A yak (shapeshifter) (Elf:1)
  3 hogs (Spider:3)
  2 golden eyes (shapeshifter)
  A human (shapeshifter) (Vaults:1)
  2 golden eyes (Slime:5)
  A steam dragon (shapeshifter) (Vaults:4)
  2 basilisks
  A chaos spawn (Depths:2)
  23 vampire mosquitoes
  2 neqoxecs
  A basilisk (shapeshifter) (Vaults:4)
  A steam dragon (D:11)
  A tyrant leech zombie (Crypt:1)
  An elf skeleton (Depths:1)
  6 fire elementals
  Edmund (D:5)
  A human zombie (WizLab)
  13 insubstantial wisps
  A soldier ant (shapeshifter) (Elf:1)
  16 swamp worms
  5 wargs
  6 acid dragons
  A spectral hornet (Gauntlet)
  2 floating eyes
  9 soldier ants
  13 porcupines
  18 water moccasins
  11 swamp drakes
  85 orc warriors
  3 sky beasts
  7 ice beasts
  3 phantoms
  3 black bears
  A spriggan simulacrum (Depths:1)
  4 necrophages
  A black bear (shapeshifter) (Vaults:4)
  41 ogres
  52 wolves
  A boggart (Depths:4)
  8 eyes of draining
  31 centaurs
  13 crocodiles
  8 small abominations (Depths:2)
  5 big kobolds
  A komodo dragon zombie (Crypt:3)
  13 bullfrogs
  A water moccasin zombie (D:8)
  2 earth elementals
  A hippogriff skeleton (Crypt:3)
  A wyvern skeleton (D:14)
  6 scorpions
  11 killer bees
  4 wights (D:14)
  5 electric eels
  A howler monkey (D:10)
  A raiju skeleton (Crypt:1)
  A crimson imp (Depths:3)
  A bullfrog zombie (D:8)
  A soldier ant zombie (Crypt:1)
  31 orc priests
  3 jellies (Lair:6)
  4 quasits
  3 hounds
  20 orc wizards
  4 bullfrog skeletons
  An iron imp (Depths:3)
  A gnoll shaman (D:5)
  26 worker ants
  An ogre zombie (Crypt:2)
  A big kobold skeleton (Crypt:1)
  A crocodile skeleton (Crypt:3)
  12 mummies (Crypt:3)
  A hound skeleton (D:10)
  2 worker ant zombies
  21 gnolls
  12 adders
  6 shadow imps
  10 white imps
  3 worker ant simulacra (D:11)
  2 ufetubi (Depths:3)
  2 oozes
  An adder zombie (D:7)
  3 worms
  3 dart slugs
  3 leopard geckos
  134 orcs
  2 ball pythons
  A bat zombie (Crypt:1)
  A giant cockroach (D:3)
  12 goblins
  12 hobgoblins
  11 jackals
  31 kobolds
  5 quokkas
  6 bats
  7 frilled lizards
  9 rats
  3 crawling corpses (Elf:3)
  A fungus (D:3)
2963 creatures vanquished.

Vanquished Creatures (collateral kills)
  A golden dragon (Zot:3)
  An electric golem (Zot:5)
  An Orb Guardian (Zot:5)
  Asterion (Elf:2)
  A death cob (Zot:3)
  Agnes (Elf:1)
  A draconian monk (Zot:1)
  2 draconian scorchers
  An emperor scorpion (Spider:4)
  A draconian stormcaller (Zot:3)
  A very ugly thing (Orc:1)
  A black draconian (Zot:3)
  5 dancing weapons (Elf:2)
  A death yak (Lair:2)
  A deep elf knight (Elf:2)
  An orc sorcerer (Orc:2)
  A manticore (D:11)
  An ugly thing (Depths:5)
  A jumping spider (Spider:4)
  A hornet (Spider:4)
  2 redbacks (Spider:4)
  A tarantella (Spider:1)
  A warg (Orc:2)
  4 orc warriors (Orc:2)
  A sky beast (D:5)
  4 orc priests
  An orc wizard (D:5)
  A worker ant (Lair:6)
  2 gnolls (D:5)
  6 orcs
  A jackal (D:5)
  20 ballistomycete spores
69 creatures vanquished.

Vanquished Creatures (others)
  A tentacled monstrosity (Zot:5)
  A thorn hunter (Swamp:4)
  A deep elf death mage (Elf:3)
  A fire dragon (Depths:1)
  A hydra (Swamp:4)
  A deep elf knight (Elf:2)
  A flayed ghost (Depths:2)
  An oklob plant (Lair:2)
  A moth of wrath (Spider:4)
  A centaur simulacrum (D:15)
  2 yaks (IceCv)
  A swamp worm (Swamp:4)
  2 wolves (IceCv)
  An orc (Orc:2)
  4 ballistomycete spores
  23 fungi
  16 plants
59 creatures vanquished.

Grand Total: 3091 creatures vanquished

Notes
Turn   | Place    | Note
-------+----------+-------------------------------------------
     0 | D:1      | dvd2 the Minotaur Monk began the quest for the Orb.
     0 | D:1      | Reached XP level 1. HP: 19/19 MP: 0/0
    50 | D:1      | Reached XP level 2. HP: 20/27 MP: 1/1
   775 | D:2      | Reached XP level 3. HP: 22/33 MP: 2/2
  1404 | D:2      | Reached XP level 4. HP: 31/41 MP: 3/3
  1638 | D:2      | Reached skill level 1 in Slings
  1679 | D:3      | Reached skill level 1 in Armour
  2139 | D:3      | Found a blossoming altar of Fedhas.
  2153 | D:3      | Became a worshipper of Fedhas Madash
  2153 | D:3      | Reached * piety under Fedhas
  2153 | D:3      | Reached ** piety under Fedhas
  2354 | D:4      | Reached XP level 5. HP: 43/47 MP: 4/4
  2367 | D:4      | Reached skill level 5 in Fighting
  2977 | D:4      | You fall into a shaft and drop 2 floors!
  2977 | D:6      | Found a staircase to the Ecumenical Temple.
  2992 | D:5      | Entered Level 5 of the Dungeon
  2992 | D:5      | Noticed Edmund
  3001 | D:5      | Noticed a phantom
  3015 | D:5      | Killed a phantom
  3015 | D:5      | Reached skill level 1 in Maces & Flails
  3015 | D:5      | Reached XP level 6. HP: 53/56 MP: 2/5
  3038 | D:5      | Killed Edmund
  3038 | D:5      | Reached skill level 5 in Axes
  3042 | D:5      | Noticed Sigmund
  3097 | D:6      | Noticed an orc warrior
  3106 | D:6      | Reached skill level 1 in Crossbows
  3106 | D:6      | Reached XP level 7. HP: 50/61 MP: 6/6
  3305 | D:6      | Reached skill level 5 in Armour
  3472 | D:6      | Reached XP level 8. HP: 48/70 MP: 3/7
  3677 | D:5      | Killed Sigmund
  3849 | D:5      | Reached skill level 5 in Crossbows
  3867 | D:5      | Reached *** piety under Fedhas
  3881 | D:5      | Reached skill level 1 in Polearms
  4459 | D:4      | Found a bloodstained altar of Trog.
  4853 | D:7      | Reached XP level 9. HP: 72/79 MP: 8/8
  4883 | D:7      | Noticed Joseph
  4909 | D:7      | Killed Joseph
  5641 | D:8      | Reached **** piety under Fedhas
  6248 | D:9      | Reached skill level 5 in Dodging
  6364 | D:9      | Noticed a troll
  6372 | D:9      | Killed a troll
  6372 | D:9      | Reached XP level 10. HP: 52/90 MP: 9/9
  6390 | D:9      | Found a flagged portal.
  6453 | Bailey   | Entered a bailey
  6531 | Bailey   | Reached ***** piety under Fedhas
  6559 | Bailey   | Noticed an orc knight
  6595 | Bailey   | Killed an orc knight
  6595 | Bailey   | Reached skill level 1 in Throwing
  6974 | D:9      | Noticed a two-headed ogre
  6977 | D:9      | Killed a two-headed ogre
  7238 | D:10     | Entered Level 10 of the Dungeon
  7376 | D:10     | Reached skill level 1 in Invocations
  7601 | D:10     | Identified a scroll of acquirement
  7601 | D:10     | Acquired the ring "Wetaleeh" {rElec rN+}
  7628 | D:10     | Found a staircase to the Lair.
  7985 | D:11     | Found a staircase to the Orcish Mines.
  8003 | D:11     | Reached skill level 10 in Crossbows
  8047 | D:11     | Reached skill level 5 in Polearms
  8082 | D:11     | Found Zigiuth's Gadget Emporium.
  8104 | D:11     | Noticed caaleb's ghost (journeyman PaWn)
  8254 | D:11     | Reached XP level 11. HP: 81/97 MP: 12/12
  8561 | D:11     | Noticed an orc knight
  8570 | D:11     | Killed an orc knight
  8611 | D:11     | Found a runed translucent gate.
  8705 | D:11     | Found a runed translucent gate.
  8705 | D:11     | Found a runed translucent gate.
  8706 | D:11     | Noticed a red ugly thing
  8706 | D:11     | Noticed a two-headed ogre
  8861 | Lair:1   | Entered Level 1 of the Lair of Beasts
  8864 | Lair:1   | Gained mutation: You are agile. (Dex +2) [potion of
                  | mutation]
  8864 | Lair:1   | Gained mutation: Your flesh is heat resistant. (rF+)
                  | [potion of mutation]
  8962 | Lair:1   | Found a frozen archway.
  9279 | IceCv    | Entered an ice cave
  9633 | IceCv    | Found the +7 pair of quick blades "Gyre" and "Gimble"
                  | {protect}
  9737 | IceCv    | Reached skill level 5 in Invocations
 10017 | IceCv    | Reached skill level 10 in Fighting
 10021 | IceCv    | Reached XP level 12. HP: 106/106 MP: 15/15
 10133 | IceCv    | Noticed a frost giant
 10133 | IceCv    | Noticed a death yak
 10148 | IceCv    | Killed a frost giant
 10572 | IceCv    | Killed a death yak
 11006 | Lair:1   | Noticed a seven-headed hydra
 11014 | Lair:1   | Killed a five-headed hydra
 11061 | Lair:1   | Reached ****** piety under Fedhas
 11810 | Lair:2   | Noticed Sonja
 11815 | Lair:2   | Killed Sonja
 11874 | Lair:2   | Found a staircase to the Swamp.
 12015 | Lair:2   | Got a polished quarterstaff
 12016 | Lair:2   | Identified the cursed +0 quarterstaff of the Old World
                  | {drain, rF+ MR+} (You found it on level 2 of the Lair of
                  | Beasts)
 12025 | Lair:2   | Reached XP level 13. HP: 109/116 MP: 17/17
 12087 | Lair:2   | Found a hole to the Spider Nest.
 13329 | Lair:3   | Reached skill level 10 in Polearms
 14071 | Lair:4   | Found a gate leading to a gauntlet.
 14103 | Gauntlet | Entered a Gauntlet
 14103 | Gauntlet | Found a transporter.
 14104 | Gauntlet | Found a runed translucent door.
 14106 | Gauntlet | Found a transporter.
 14108 | Gauntlet | Found a runed translucent door.
 14118 | Gauntlet | Found a transporter.
 14122 | Gauntlet | Found a transporter.
 14134 | Gauntlet | Found a transporter.
 14152 | Gauntlet | Found a transporter.
 14156 | Gauntlet | Found a transporter.
 14167 | Gauntlet | Noticed a blizzard demon
 14183 | Gauntlet | Found a transporter.
 14190 | Gauntlet | Found a transporter.
 14191 | Gauntlet | Found a transporter.
 14191 | Gauntlet | Found a transporter.
 14193 | Gauntlet | Noticed a death ooze
 14199 | Gauntlet | Found a transporter.
 14348 | Gauntlet | Acquired a +1 hat
 14374 | Gauntlet | Noticed a minotaur
 14388 | Gauntlet | Killed a minotaur
 14420 | Gauntlet | Found the +8 mithril axe "Arga" {speed, MR+}
 14917 | Lair:4   | Noticed Rupert
 14931 | Lair:4   | Killed Rupert
 15278 | Lair:5   | Reached XP level 14. HP: 111/126 MP: 19/19
 15280 | Lair:5   | Reached skill level 10 in Armour
 16066 | Lair:6   | Entered Level 6 of the Lair of Beasts
 16111 | Lair:6   | Reached skill level 10 in Axes
 16301 | Lair:6   | Got a blackened flail
 16302 | Lair:6   | Identified the +7 flail of Impermanence {speed, *Rage +Inv
                  | rF+++ Int-4} (You found it on level 6 of the Lair of
                  | Beasts)
 16475 | Lair:6   | Noticed an entropy weaver
 16711 | Lair:6   | Killed an entropy weaver
 17019 | Lair:6   | Noticed Snorg
 17028 | Lair:6   | Killed Snorg
 17039 | Lair:6   | Found a staircase to the Slime Pits.
 17408 | Lair:6   | Noticed an entropy weaver
 17418 | Lair:6   | Killed an entropy weaver
 17901 | D:11     | Found the +18 shield of the Gong {rElec rN+ MR+ EV-5}
 18140 | D:11     | Killed caaleb's ghost
 18181 | D:11     | Got the ring of Egomania {Fire}
 18189 | D:11     | Identified the ring of Egomania {Fire Str+4 Int-5} (You
                  | found it on level 11 of the Dungeon)
 18195 | D:11     | Got a shimmering bronze ring
 18197 | D:11     | Identified the cursed ring of Oraren {+Inv rPois rC+ Str-4
                  | Int+3} (You found it on level 11 of the Dungeon)
 18291 | D:12     | Reached XP level 15. HP: 134/136 MP: 20/20
 18323 | D:12     | Noticed a fire giant
 18324 | D:12     | Found the +4 skin of Zhor {Englaciate rC+++ SInv}
 18333 | D:12     | Killed a fire giant
 19721 | D:13     | Found a gate to the Vaults.
 20057 | D:14     | Found a flickering gateway to a bazaar.
 20079 | Bazaar   | Entered a bazaar
 20084 | Bazaar   | Found Qaalawn's Book Emporium.
 20102 | Bazaar   | Found Onehept's Magic Scroll Boutique.
 20105 | Bazaar   | Found Isiumuk's Weapon Shoppe.
 20121 | Bazaar   | Found Melixkest's Antique Armour Shoppe.
 20128 | Bazaar   | Bought a sapphire-encrusted plate armour for 588 gold
                  | pieces
 20138 | Bazaar   | Identified the cursed +0 plate armour of Polish {Harm
                  | Dex+3} (You bought it in a shop in a bazaar)
 20139 | Bazaar   | Bought a slimy chain mail for 199 gold pieces
 20149 | Bazaar   | Identified the cursed +1 chain mail of the Sparrow
                  | {*Corrode Str+5 Stlth+} (You bought it in a shop in a
                  | bazaar)
 20168 | Bazaar   | Bought a scroll of acquirement for 780 gold pieces
 20168 | Bazaar   | Acquired 3210 gold pieces
 20172 | Bazaar   | Bought a scroll of teleportation for 45 gold pieces
 20172 | Bazaar   | Bought a scroll of teleportation for 45 gold pieces
 20172 | Bazaar   | Bought a scroll of enchant weapon for 112 gold pieces
 20172 | Bazaar   | Bought a scroll of blinking for 112 gold pieces
 20172 | Bazaar   | Bought a scroll of remove curse for 45 gold pieces
 20172 | Bazaar   | Bought a scroll of identify for 30 gold pieces
 20172 | Bazaar   | Bought a scroll of fog for 30 gold pieces
 20172 | Bazaar   | Bought a scroll of summoning for 142 gold pieces
 20172 | Bazaar   | Bought a scroll of identify for 30 gold pieces
 20172 | Bazaar   | Bought a scroll of identify for 30 gold pieces
 20172 | Bazaar   | Bought 3 scrolls of remove curse for 135 gold pieces
 20178 | Bazaar   | Bought the +5 hand crossbow "Umudat" {flame, MR+ Dex+3} for
                  | 602 gold pieces
 20208 | Bazaar   | Bought a shiny plate armour for 546 gold pieces
 20228 | Bazaar   | Bought a runed plate armour for 546 gold pieces
 20355 | D:14     | Found a runed translucent door.
 20361 | D:14     | Found a runed translucent door.
 20380 | D:14     | Found a runed translucent door.
 20400 | D:14     | Found a runed translucent door.
 21035 | D:14     | Reached skill level 15 in Crossbows
 21122 | D:15     | Entered Level 15 of the Dungeon
 21174 | D:15     | Found Cusotuapp's Magic Scroll Boutique.
 21199 | D:15     | Bought 2 scrolls of blinking for 270 gold pieces
 21513 | D:15     | Noticed a fire giant
 21519 | D:15     | Killed a fire giant
 21564 | D:15     | Found a staircase to the Depths.
 21893 | Orc:1    | Entered Level 1 of the Orcish Mines
 21959 | Orc:1    | Found Necoikhlu's Jewellery Shoppe.
 21966 | Orc:1    | Found a transporter.
 22318 | Orc:1    | Identified the cursed +1 battleaxe "Goblinslayer" {distort,
                  | rC+ Dex+4}
 22318 | Orc:1    | Noticed an orc warlord
 22324 | Orc:1    | Noticed Feac's ghost (journeyman DsBe)
 22430 | Orc:1    | Noticed an orc warlord
 22450 | Orc:1    | Killed an orc warlord
 22450 | Orc:1    | Reached XP level 16. HP: 123/147 MP: 21/21
 22724 | Orc:1    | Found a one-way gate to the infinite horrors of the Abyss.
 22753 | Orc:1    | Found a transporter.
 22888 | Orc:2    | Entered Level 2 of the Orcish Mines
 22951 | Orc:2    | Found Athuracu's Weapon Shoppe.
 23253 | Orc:2    | Found a staircase to the Elven Halls.
 23381 | Orc:2    | Noticed Nessos
 23389 | Orc:2    | Killed Nessos
 23548 | Orc:2    | Reached skill level 15 in Fighting
 23919 | Orc:2    | Found Ybeilyc's Book Shop.
 23922 | Orc:2    | Found Siseerhi's Book Boutique.
 23923 | Orc:2    | Found Fubrif's Distillery.
 23924 | Orc:2    | Found Arhaupua's Assorted Antiques.
 23936 | Orc:2    | Bought a potion of heal wounds for 60 gold pieces
 23936 | Orc:2    | Bought a potion of haste for 120 gold pieces
 23936 | Orc:2    | Bought 2 potions of curing for 72 gold pieces
 23940 | Orc:2    | Bought a pair of glowing gloves for 232 gold pieces
 23940 | Orc:2    | Bought a potion of heal wounds for 155 gold pieces
 23940 | Orc:2    | Bought a scroll of enchant weapon for 232 gold pieces
 23940 | Orc:2    | Bought a dented peridot amulet for 155 gold pieces
 24168 | Orc:2    | Noticed Jorgrun
 24179 | Orc:2    | Killed Jorgrun
 24208 | Orc:2    | Found a roughly hewn altar of Beogh.
 24344 | Orc:1    | Found an iron altar of Okawaru.
 24627 | Spider:1 | Entered Level 1 of the Spider Nest
 25032 | Spider:1 | Reached skill level 15 in Axes
 25396 | Spider:1 | Identified the +4 rapier of Kerruh {flame, Str+3 Int+4}
                  | (You found it on level 1 of the Spider Nest)
 25905 | Spider:2 | Noticed Nikola
 25939 | Spider:2 | Killed Nikola
 26435 | Spider:2 | Noticed Donald
 26454 | Spider:2 | Killed Donald
 26612 | Spider:2 | Reached XP level 17. HP: 155/158 MP: 22/22
 27569 | Spider:3 | Noticed Kirke
 27817 | Spider:2 | Killed Kirke
 28426 | Spider:3 | Found a runed translucent gate.
 28909 | Spider:3 | Noticed Cegacaint's ghost (journeyman DsFi)
 28911 | Spider:3 | Found a runed translucent gate.
 28912 | Spider:3 | Found a runed translucent gate.
 28915 | Spider:3 | Found the ring of the Mage {Wiz MR++ Int+3}
 29145 | Spider:3 | Noticed a Brimstone Fiend
 29153 | Spider:3 | Killed a Brimstone Fiend
 29179 | Spider:3 | Killed Cegacaint's ghost
 29201 | Spider:3 | Got a pair of heavily runed gloves
 29212 | Spider:3 | Identified the +1 pair of gloves "Reocvelue" {Int+6} (You
                  | found it on level 3 of the Spider Nest)
 29278 | Spider:4 | Entered Level 4 of the Spider Nest
 30271 | Spider:4 | Reached XP level 18. HP: 58/170 MP: 0/23
 30668 | Spider:4 | Got a gossamer rune of Zot
 31251 | Orc:1    | Killed Feac's ghost
 31534 | Elf:1    | Entered Level 1 of the Elven Halls
 31768 | Elf:1    | Found Asusio's Magic Scroll Emporium.
 31813 | Elf:1    | Bought a scroll of acquirement for 936 gold pieces
 31813 | Elf:1    | Acquired the +7 triple crossbow of Votsop {elec, MR+ Str+4
                  | Dex-4}
 32715 | Elf:1    | Noticed Agnes
 32723 | Elf:1    | Killed Agnes
 33021 | Elf:2    | Found a huge runed translucent gate.
 33021 | Elf:2    | Found a huge runed translucent gate.
 33021 | Elf:2    | Found a huge runed translucent gate.
 33021 | Elf:2    | Found a huge runed translucent gate.
 33031 | Elf:2    | Found a huge runed translucent gate.
 33273 | Elf:2    | Learned a level 2 spell: Blink
 33307 | Elf:2    | Found a radiant altar of Vehumet.
 33472 | Elf:2    | Noticed Louise
 33503 | Elf:2    | Killed Louise
 33786 | Elf:2    | Noticed Asterion
 33798 | Elf:2    | Killed Asterion
 34142 | Elf:2    | Reached XP level 19. HP: 158/180 MP: 25/25
 34289 | Elf:2    | Upgraded the game from 0.26-a0-490-gf8362a0c98 to
                  | 0.26-a0-491-g70697cc071
 34343 | Elf:3    | Entered Level 3 of the Elven Halls
 34435 | Elf:3    | Noticed Aizul
 34459 | Elf:3    | Killed Aizul
 35177 | Elf:3    | Learned a level 1 spell: Apportation
 35315 | Elf:3    | Identified the +5 bardiche of the Harvest {vorpal, Str+5
                  | Stlth+}
 35626 | Elf:3    | Identified the ring "Puymuivem" {MR+++ EV+4 Dex-4 Slay+4}
 35685 | Elf:3    | Identified the +12 hand axe of the Beast {vorpal, rF+ rN+
                  | MR+ Int-4}
 35951 | Elf:3    | Identified the cursed +1 flail "Ummabiac" {drain, SInv}
 36155 | Elf:3    | Reached skill level 10 in Invocations
 36244 | Elf:3    | Identified the +9 plate armour of the Orcish Mines {*Slow
                  | rPois SInv}
 36559 | Elf:3    | Found the +0 sword of Power
 36559 | Elf:3    | Identified the Guide on Snow
 36878 | Vaults:1 | Entered Level 1 of the Vaults
 36945 | Vaults:1 | Identified the +5 ring mail "Hemuyr" {rPois Regen+ SInv}
                  | (You found it on level 1 of the Vaults)
 37719 | Vaults:1 | Reached XP level 20. HP: 191/191 MP: 26/26
 38443 | Vaults:2 | Found a staircase to the Crypt.
 38443 | Vaults:2 | Found a basalt altar of Yredelemnul.
 38448 | Vaults:2 | Found an ancient bone altar of Kikubaaqudgha.
 38619 | Vaults:2 | Found a roughly hewn altar of Beogh.
 38834 | Vaults:2 | Noticed Boris
 38847 | Vaults:2 | Killed Boris
 39045 | Vaults:2 | Reached skill level 15 in Armour
 40414 | Vaults:3 | You fall into a shaft and drop 1 floor!
 40923 | Vaults:3 | Reached skill level 5 in Throwing
 40953 | Vaults:3 | Reached XP level 21. HP: 176/200 MP: 28/28
 43439 | Vaults:4 | Reached XP level 22. HP: 211/211 MP: 30/30
 44110 | Swamp:1  | Entered Level 1 of the Swamp
 44110 | Swamp:1  | Found a large runed translucent door.
 44110 | Swamp:1  | Found a large runed translucent door.
 44110 | Swamp:1  | Noticed Tejew's ghost (adept HuGl)
 44145 | Swamp:1  | Killed Tejew's ghost
 44161 | Swamp:1  | Identified the +1 scale mail of the Big Bang {+Inv Int+2
                  | Dex-5} (You found it on level 1 of the Swamp)
 46258 | Swamp:3  | Found a runed translucent gate.
 46258 | Swamp:3  | Found a runed translucent gate.
 46259 | Swamp:3  | Found a runed translucent gate.
 46259 | Swamp:3  | Noticed melvinkitnick's ghost (adept KoEn)
 46279 | Swamp:3  | Killed melvinkitnick's ghost
 46461 | Swamp:4  | Entered Level 4 of the Swamp
 47075 | Swamp:4  | Noticed the 27-headed Lernaean hydra
 47082 | Swamp:4  | Killed the 24-headed Lernaean hydra
 47283 | Swamp:4  | Got a decaying rune of Zot
 47865 | Crypt:1  | Entered Level 1 of the Crypt
 48060 | Crypt:1  | Found a magical portal.
 48082 | WizLab   | Entered Doroklohe's Tomb
 48405 | WizLab   | Noticed a greater mummy
 48433 | WizLab   | Killed a greater mummy
 48651 | WizLab   | Acquired a +2 pair of boots of flying
 49282 | Crypt:1  | Reached skill level 1 in Evocations
 49424 | Crypt:1  | Reached XP level 23. HP: 221/221 MP: 32/32
 50497 | Crypt:3  | Entered Level 3 of the Crypt
 50499 | Crypt:3  | Noticed Mennas
 50541 | Crypt:2  | Killed Mennas
 50736 | Crypt:3  | Noticed Saint Roka
 50841 | Crypt:3  | Noticed Xtahua
 51091 | Crypt:3  | Killed Saint Roka
 51393 | Crypt:3  | Killed Xtahua
 51648 | Crypt:3  | Noticed a curse toe
 51664 | Crypt:3  | Killed a curse toe
 52054 | Crypt:3  | Found a staircase to the Tomb.
 52284 | Crypt:3  | Found the macabre finger necklace {rN+}
 52326 | Crypt:3  | Noticed an ancient lich
 52326 | Crypt:3  | Noticed an ancient lich
 52351 | Crypt:3  | Killed an ancient lich
 52607 | Crypt:3  | Killed an ancient lich
 52668 | Crypt:3  | Identified the Tome of Evil Rites
 52688 | Crypt:3  | Acquired 820 gold pieces
 52923 | Depths:1 | Entered Level 1 of the Depths
 52949 | Depths:1 | Acquired 1510 gold pieces
 52989 | Depths:1 | Found a gateway to Hell.
 53202 | Depths:1 | Found a runed translucent door.
 53222 | Depths:1 | Found a shattered altar of Ashenzari.
 53686 | Depths:1 | Reached XP level 24. HP: 233/233 MP: 32/32
 54205 | Depths:1 | Got a warped wooden ring
 54207 | Depths:1 | Identified the ring of Vuopishra {Wiz rC+ Slay+3} (You
                  | found it on level 1 of the Depths)
 54229 | Depths:1 | Noticed Boris
 54244 | Depths:1 | Killed Boris
 54340 | Depths:2 | Found a gateway to a ziggurat.
 54800 | Depths:2 | Found Boko's Gadget Shoppe.
 54800 | Depths:2 | Found Vioco's Jewellery Boutique.
 54801 | Depths:2 | Found Kuth's Jewellery Boutique.
 55183 | Depths:2 | Identified the Volume of Freezing Poison
 55833 | Depths:3 | Found a hazy altar of Hepliaklqana.
 56125 | Depths:3 | Found a one-way gate leading to the halls of Pandemonium.
 56250 | Depths:3 | Found a white marble altar of Elyvilon.
 56250 | Depths:3 | Found a glowing silver altar of Zin.
 56250 | Depths:3 | Found a glowing golden altar of the Shining One.
 57286 | Vaults:5 | Entered Level 5 of the Vaults
 57393 | Vaults:4 | Reached XP level 25. HP: 152/245 MP: 32/32
 58000 | Vaults:5 | Acquired an uncursed ring of resist corrosion
 58501 | Vaults:5 | Got a silver rune of Zot
 58570 | Vaults:5 | Noticed an ancient lich
 58573 | Vaults:5 | Killed an ancient lich
 58752 | Vaults:5 | Identified the amulet "Cumnam" {Spirit rN++} (You found it
                  | on level 5 of the Vaults)
 58804 | Vaults:5 | Got a pitted war axe
 58805 | Vaults:5 | Identified the +7 war axe of Evil {elec, +Inv} (You found
                  | it on level 5 of the Vaults)
 59336 | Vaults:5 | Identified the ring of Elitism {+Fly Str-2 Int+6 Dex+9
                  | Stlth+} (You found it on level 5 of the Vaults)
 59341 | Vaults:5 | Identified the +9 hunting sling "Zoret" {venom, Int+6
                  | Dex-3} (You found it on level 5 of the Vaults)
 59532 | Vaults:5 | Identified the +2 buckler "Qocsuavo" {rElec Int-5 Slay+3}
                  | (You found it on level 5 of the Vaults)
 59561 | Vaults:5 | Identified the Compendium of Lightness and Blows and
                  | Bruises
 60019 | Depths:4 | Reached skill level 27 in Crossbows
 60238 | Depths:4 | Noticed Margery
 60249 | Depths:4 | Killed Margery
 60315 | Depths:4 | Identified the cursed +0 ring mail of Purpose {Harm rPois
                  | MR- Dex+3} (You found it on level 4 of the Depths)
 60527 | Depths:4 | Reached XP level 26. HP: 250/259 MP: 31/32
 60607 | Depths:4 | You are sucked into a shaft and drop 1 floor!
 60607 | Depths:5 | Entered Level 5 of the Depths
 60773 | Depths:5 | Noticed a juggernaut
 61457 | Elf:1    | Bought a scroll of enchant armour for 135 gold pieces
 61457 | Elf:1    | Bought a scroll of enchant armour for 135 gold pieces
 61882 | Slime:1  | Entered Level 1 of the Pits of Slime
 61896 | Slime:1  | Gained mutation: Your flesh is cold resistant. (rC+) [a
                  | shining eye]
 61932 | Slime:2  | Paralysed by a great orb of eyes for 5 turns
 62080 | Slime:3  | Gained mutation: You are dopey. (Int -2) [a shining eye]
 62273 | Slime:4  | Noticed Dissolution
 62276 | Slime:4  | Paralysed by a floating eye for 2 turns
 62290 | Slime:3  | Killed Dissolution
 62290 | Slime:3  | Reached skill level 1 in Spellcasting
 62290 | Slime:3  | Reached skill level 1 in Translocations
 62663 | Slime:5  | Entered Level 5 of the Pits of Slime
 62832 | Slime:5  | Found a viscous altar of Jiyva.
 63384 | Slime:5  | Noticed the Royal Jelly
 63392 | Slime:5  | Killed the Royal Jelly
 63630 | Slime:5  | Got a glittering steel ring
 63632 | Slime:5  | Identified the ring "Reeby" {Ice Str+3 Int+4} (You found it
                  | on level 5 of the Pits of Slime)
 63639 | Slime:5  | Found the cursed +13 scythe of Curses {drain, *Curse}
 63687 | Slime:5  | Got a slimy rune of Zot
 63703 | Slime:5  | Identified the cursed +2 mace of Amortisation {flame, +Rage
                  | +Inv Dex-4} (You found it on level 5 of the Pits of Slime)
 63730 | Slime:5  | Identified the +4 hand crossbow "Vyodoxeg" {flame, Int+3}
                  | (You found it on level 5 of the Pits of Slime)
 63741 | Slime:5  | Identified the +7 hunting sling "Umuv" {freeze, rElec} (You
                  | found it on level 5 of the Pits of Slime)
 64354 | Depths:4 | Found a white marble altar of Elyvilon.
 64355 | Depths:4 | Found a stormy altar of Qazlal.
 64359 | Depths:4 | Found an ornate altar of the Wu Jian Council.
 64359 | Depths:4 | Found a shimmering altar of Xom.
 64365 | Depths:4 | Noticed a juggernaut
 64374 | Depths:4 | Noticed Jory
 64375 | Depths:4 | Killed a juggernaut
 64412 | Depths:4 | Killed Jory
 64740 | Depths:4 | Got a brightly glowing battleaxe
 64741 | Depths:4 | Identified the +8 battleaxe of Rotten Valour {vorpal, rN+}
                  | (You found it on level 4 of the Depths)
 65109 | Depths:5 | Killed a juggernaut
 65420 | Depths:5 | Reached XP level 27. HP: 265/271 MP: 32/32
 65639 | Depths:5 | Paralysed by a floating eye for 2 turns
 66047 | Depths:5 | Found a runed translucent door.
 66051 | Depths:5 | Found a runed translucent door.
 66051 | Depths:5 | Found a runed translucent door.
 66186 | Depths:5 | Found a runed translucent door.
 66208 | Depths:5 | Reached skill level 5 in Translocations
 66254 | Depths:5 | Reached skill level 27 in Fighting
 66296 | Depths:5 | Found a runed translucent door.
 66296 | Depths:5 | Found a runed translucent door.
 66602 | Depths:5 | Found a gate to the Realm of Zot.
 66991 | Zot:1    | Entered Level 1 of the Realm of Zot
 67019 | Zot:1    | You are sucked into a shaft and drop 1 floor!
 68576 | Zot:2    | Reached skill level 10 in Dodging
 70076 | Zot:3    | Reached skill level 5 in Stealth
 70490 | Zot:3    | Identified the cursed +0 chain mail of Xarocos {rC+} (You
                  | found it on level 3 of the Realm of Zot)
 71749 | Zot:4    | Noticed an orb of fire
 71757 | Zot:4    | Killed an orb of fire
 72507 | Zot:5    | Entered Level 5 of the Realm of Zot
 72827 | Zot:5    | Reached skill level 5 in Spellcasting
 73041 | Zot:5    | Noticed an ancient lich
 73041 | Zot:5    | Noticed an orb of fire
 73056 | Zot:5    | Reached skill level 15 in Invocations
 73066 | Zot:5    | Killed an ancient lich
 73066 | Zot:5    | Lost mutation: Your flesh is heat resistant. (rF+) [an orb
                  | of fire]
 73084 | Zot:5    | Killed an orb of fire
 73347 | Zot:5    | Noticed an ancient lich
 73349 | Zot:5    | Killed an ancient lich
 73377 | Zot:5    | Noticed an orb of fire
 73379 | Zot:5    | Noticed an orb of fire
 73379 | Zot:5    | Gained mutation: Your body sometimes deteriorates upon
                  | taking damage. [an orb of fire]
 73382 | Zot:5    | Gained mutation: Scrolls take you a little longer to read.
                  | [an orb of fire]
 73383 | Zot:5    | Killed an orb of fire
 73393 | Zot:5    | Killed an orb of fire
 73600 | Zot:5    | Noticed an ancient lich
 73600 | Zot:5    | Noticed an orb of fire
 73604 | Zot:5    | Gained mutation: Your magical capacity is low. (-10% MP)
                  | [an orb of fire]
 73604 | Zot:5    | Noticed an ancient lich
 73605 | Zot:5    | Noticed an ancient lich
 73618 | Zot:5    | Gained mutation: You occasionally shout uncontrollably at
                  | your foes. [an orb of fire]
 73833 | Zot:5    | Killed an orb of fire
 73842 | Zot:5    | Killed an ancient lich
 73842 | Zot:5    | Reached skill level 27 in Axes
 73850 | Zot:5    | Killed an ancient lich
 74107 | Zot:5    | Noticed an ancient lich
 74113 | Zot:5    | Killed an ancient lich
 74118 | Zot:5    | Killed an ancient lich
 74315 | Zot:5    | Lost mutation: You are agile. (Dex +2) [potion of mutation]
 74315 | Zot:5    | Lost mutation: Scrolls take you a little longer to read.
                  | [potion of mutation]
 74315 | Zot:5    | Lost mutation: You occasionally shout uncontrollably at
                  | your foes. [potion of mutation]
 74315 | Zot:5    | Gained mutation: You are resistant to hostile enchantments.
                  | (MR+) [potion of mutation]
 74350 | Zot:5    | Got the Orb of Zot
 75065 | D:1      | Lost mutation: Your flesh is cold resistant. (rC+) [potion
                  | of mutation]
 75065 | D:1      | Lost mutation: Your magical capacity is low. (-10% MP)
                  | [potion of mutation]
 75065 | D:1      | Lost mutation: Your body sometimes deteriorates upon taking
                  | damage. [potion of mutation]
 75065 | D:1      | Gained mutation: You are clumsy. (Dex -2) [potion of
                  | mutation]
 75065 | D:1      | Gained mutation: You expend magic power (3 MP) to
                  | strengthen your wands. [potion of mutation]
 75066 | D:1      | Lost mutation: You expend magic power (3 MP) to strengthen
                  | your wands. [potion of mutation]
 75066 | D:1      | Lost mutation: You are clumsy. (Dex -2) [potion of
                  | mutation]
 75066 | D:1      | Gained mutation: Potions are less effective at restoring
                  | your health. [potion of mutation]
 75066 | D:1      | Gained mutation: You have a beak for a mouth. [potion of
                  | mutation]
 75068 | D:$      | Escaped with the Orb!

Illustrated notes

Levels and vault maps discovered:
D:1:      erik_arrival_cave_to_civilisation [erik_arrival_cave_to_hall],
          layout_rooms
D:2:      layout_basic
D:3:      layout_basic, fedhas_altar_3
D:4:      layout_basic, bloody_trog
D:5:      layout_cave_pools, uniq_sigmund, uniq_edmund
D:6:      layout_rooms, temple_statues
D:7:      layout_basic, minmay_misc_feat_secret_circle, uniq_joseph
D:8:      layout_basic
D:9:      layout_cave_pools, enter_bailey_6
D:10:     layout_roguey, dpeg_oklobed_lair, due_unseen_surprise
D:11:     minmay_shrinking_squares, layout_cave_pools, orc_0_dummy, special_room
          [special_room_orc], gammafunk_ghost_icy, serial_shops,
          nicolae_shop_window_shopping
D:12:     layout_small_grid, minmay_evil_grid
D:13:     layout_cave_pods, lightli_vaults_fourway_checkpoint
D:14:     layout_basic, serial_shops, bzr_entry_customers,
          minmay_statue_crystal_thing
D:15:     grunt_enter_depths_giant_problem, layout_rooms, serial_shops, shop
Lair:1:   layout_big_grid, portal_ice_cave_demonic_guard, grunt_megastairs_4
Lair:2:   layout_loops_ring, minmay_swamp_entry_worms, spider_nest_entry_rubble,
          uniq_sonja
Lair:3:   layout_misc_corridors
Lair:4:   layout_regular_city, gauntlet_entry_generic, uniq_rupert
Lair:5:   layout_small_grid, grunt_forest_large_clearings
Lair:6:   gammafunk_lair_ancient_temple, layout_loops_ring,
          nicolae_slime_entry_slimehenge, minmay_another_anthill, uniq_snorg
Swamp:1:  layout_basic_swamp, ebering_ghost_disaster_area, hangedman_swamp_cone
Swamp:2:  layout_falls_marsh, evilmike_swamp_ruin_house_4
Swamp:3:  layout_basic_swamp, ebering_ghost_rock_garden,
          nicolae_swamp_very_dense_foliage, swamp_pool1
Swamp:4:  swamp_old_school, layout_basic_swamp, swamp_pool2
Spider:1: layout_spider_delve
Spider:2: layout_spider_delve, uniq_nikola, uniq_donald
Spider:3: layout_spider_delve, gammafunk_ghost_tricky_traps, uniq_kirke
Spider:4: grunt_spider_rune_parallel
Slime:1:  nicolae_slime_jelly_donut, layout_caves
Slime:2:  layout_caves, cheibrodos_slime_lost_civilization_4
Slime:3:  layout_caves
Slime:4:  layout_caves, dissolution_awaits
Slime:5
Orc:1:    cheibrodos_orc_arena, layout_diamond_mine, serial_shops, shop,
          gammafunk_ghost_abyssal_escape, okawaru_metal_pillars_1_2
Orc:2:    st_orc_pillars, layout_diamond_mine, serial_shops, shop,
          nicolae_orc_lost_temple, uniq_nessos, uniq_jorgrun
Elf:1:    eino_elf_arrival_shootout, layout_gridlike, serial_shops,
          nicolae_shop_temple_entry_statues_fountains,
          minmay_elf_crystal_heptagon, kb_rosetta, uniq_agnes
Elf:2:    layout_gridlike, basic_altar, uniq_louise, uniq_asterion
Elf:3:    grunt_elf_hall_branching, layout_geoelf_castle, uniq_aizul
Vaults:1: v_misc_31, v_misc_4, vaults_mumra_hexcomb, vaults_room_corners,
          vaults_dpeg_ring, v_alt_pattern_2, v_misc_17, vaults_dpeg_diagonal,
          v_rooms_5, layout_vaults_chaotic_city
Vaults:2: special_room_vaults [special_room_orc], hangedman_vaults_maws,
          grunt_vaults_hallway_short, minmay_crypt_entry_necro_gods, v_misc_4,
          hangedman_vaults_snaps, nicolae_vaults_what_the_h, v_rooms_6,
          nicolae_vaults_specimen_jars, nicolae_vaults_little_ls, v_misc_8,
          layout_vaults_omnicross, uniq_boris
Vaults:3: v_misc_18, vaults_room_fancy_cross, hangedman_vaults_locks, v_misc_3,
          vaults_room_door_hall, v_alt_pattern_5, ontoclasm_vaults_chip,
          ontoclasm_vaults_loading_screen, vaults_room_pool,
          hangedman_vaults_stretched_pinwheel, nicolae_vaults_display_case,
          nicolae_vaults_little_squares_5, layout_vaults_omnigrid
Vaults:4: nicolae_vaults_stairing_the_circle, nicolae_vaults_rhombus_6,
          st_greater_box_1, hangedman_vaults_maws, nicolae_vaults_shelves_hall,
          hangedman_vaults_restitches, grunt_vaults_diagonal,
          vaults_room_ringed_pool, dpeg_vaults_monster_box,
          layout_vaults_maze_snakey
Vaults:5
Crypt:1:  layout_chaotic_city, mu_enter_wizlab_4, st_stairs_14
Crypt:2:  layout_chaotic_city
Crypt:3:  david_glass_crypt, layout_rooms,
          nicolae_tomb_entry_unfolded_pyramid_orthogonal,
          palyth_stone_intersect, lemuel_dead_fish_pool, uniq_saint_roka,
          uniq_xtahua, uniq_mennas
Depths:1: layout_honeycomb, evilmike_ruin_ashenzari, hell_entry,
          minmay_misc_feat_diagonals, minmay_guarded_unrand_mage
Depths:2: minmay_two_paths, layout_basic, enter_ziggurat_b,
          pf_hell_entry_tar_spiral, minmay_room_of_horrors,
          kennysheep_generic_room_10, minmay_staircase_bubble, minmay_shop_grove
Depths:3: cheibrodos_quadrivalence, layout_cave_pools, hangedman_geh_valley,
          grunt_pan_entry_sceptre, lemuel_crystal_altar, hallowed_hall
Depths:4: minmay_the_grid_octo_2x2 [minmay_the_grid_octo_checkerflower,
          minmay_the_grid_octo_vomiting_pacman, minmay_the_grid_octo_shrine,
          minmay_the_grid_octo_prize_square_snowflake], layout_long_grid,
          grunt_metal_band, minmay_misc_feat_doors, abyss_entry_crystal,
          uniq_margery, uniq_jory
Depths:5: evilmike_zot_entry_castle, layout_gridlike, hangedman_coc_ice_floe,
          fountainhead, abyss_entry
Zot:1:    layout_onion_interference, grunt_ministairs_3, evilmike_ambush
          [evilmike_ambush_outer_basic, evilmike_ambush_inner_basic]
Zot:2:    layout_misc_corridors, st_small_dragon_hoard_5,
          hangedman_hellfire_club
Zot:3:    lemuel_draconian_sentries_small, layout_misc_corridors,
          hangedman_swamp_dais
Zot:4:    layout_basic
Zot:5:    layout_twisted_circle

Skill      XL: |  1  2  3  4  5  6  7  8  9 10 11 12 13 14 15 16 17 18 19 20 21 22 23 24 25 26 27 |
---------------+----------------------------------------------------------------------------------+-----
Axes           | 4 5 6 7 8 11 14 15 16 18 19 20 21 23 24 27 | 27.0
Fighting       | 4 5 6 7 8 9 10 11 12 13 14 16 17 18 19 20 21 22 23 25 26 27 | 27.0
Slings         | 2 3 |  3.4
Armour         | 1 2 4 5 6 7 8 9 11 12 13 14 15 16 17 18 19 26 | 26.0
Dodging        | 4 5 6 7 8 13 | 13.9
Maces & Flails | 1 2 3 4 |  4.0
Crossbows      | 1 3 6 9 10 11 12 13 14 15 16 17 18 20 21 22 23 24 26 27 | 27.0
Stealth        | 2 3 4 5 |  5.9
Polearms       | 1 3 5 7 9 11 | 11.6
Throwing       | 2 3 4 5 |  5.6
Invocations    | 3 5 7 8 9 10 11 12 13 15 | 15.8
Evocations     | 1 2 3 |  3.1
Spellcasting   | 3 5 |  5.3
Translocations | 4 5 |  5.7

Action                   |  1- 3 |  4- 6 |  7- 9 | 10-12 | 13-15 | 16-18 | 19-21 | 22-24 | 25-27 || total
-------------------------+-------+-------+-------+-------+-------+-------+-------+-------+-------++-------
Melee: Hand axe          |    87 |    20 |       |       |       |       |    10 |       |       ||   117
       Headbutt          |     9 |    22 |    17 |    79 |   194 |   185 |   163 |   179 |   267 ||  1115
       Whip              |     4 |    52 |    33 |    40 |     6 |       |       |       |       ||   135
       War axe           |       |     8 |     6 |    65 |    22 |       |       |       |       ||   101
       Flail             |       |     1 |     8 |     4 |       |       |       |       |       ||    13
       Scythe            |       |       |    40 |    92 |    26 |    13 |       |       |       ||   171
       Halberd           |       |       |       |    68 |    90 |       |       |       |       ||   158
       Broad axe         |       |       |       |       |   451 |   678 |   561 |   407 |   131 ||  2228
       Battleaxe         |       |       |       |       |       |       |     1 |   289 |   661 ||   951
       Triple crossbow   |       |       |       |       |       |       |       |       |     1 ||     1
 Fire: Hunting sling     |    19 |    56 |       |       |       |       |       |       |       ||    75
       Arbalest          |       |    15 |   137 |   268 |   465 |   641 |     2 |       |       ||  1528
       Triple crossbow   |       |       |       |       |       |   161 |   678 |   826 |  1027 ||  2692
Throw: Javelin           |       |     1 |       |    21 |    15 |    11 |    28 |       |     6 ||    82
       Boomerang         |       |       |       |     9 |     1 |       |       |    12 |     4 ||    26
 Cast: Apportation       |       |       |       |       |       |       |       |       |     7 ||     7
Invok: Wall of Briars    |       |     1 |     2 |     7 |     4 |     3 |     1 |     1 |       ||    19
       Grow Oklob        |       |       |       |       |     1 |     5 |       |     3 |       ||     9
       Grow Ballistomyce |       |       |       |       |     1 |     3 |     1 |       |       ||     5
       Overgrow          |       |       |       |       |       |     5 |     2 |     1 |     9 ||    17
 Abil: Stop Flying       |       |       |       |       |       |       |       |     1 |       ||     1
       Evoke Flight      |       |       |       |       |       |       |       |       |     1 ||     1
Evoke: Wand              |       |       |       |     2 |       |     1 |     6 |     4 |     4 ||    17
       Lightning rod     |       |       |       |       |       |     3 |       |       |     8 ||    11
  Use: Potion            |       |     1 |     1 |    11 |     9 |    10 |     1 |     5 |    19 ||    57
       Scroll            |       |       |     2 |    17 |    16 |    14 |     9 |    16 |    35 ||   109
 Stab: Sleeping          |     1 |     1 |       |       |     1 |       |       |       |       ||     3
       Distracted        |       |       |       |     1 |     1 |     1 |       |       |     4 ||     7
       Confused          |       |       |       |       |       |     3 |     1 |     1 |     4 ||     9
       Paralysed         |       |       |       |       |       |       |     2 |       |       ||     2
       Petrifying        |       |       |       |       |       |       |     1 |       |       ||     1
       Fleeing           |       |       |       |       |       |       |       |       |     1 ||     1
Armor: Ring mail         |    15 |    19 |    59 |   166 |    45 |       |       |       |       ||   304
       Robe              |     2 |       |       |       |       |       |       |       |       ||     2
       Plate armour      |       |       |     1 |       |    82 |   803 |   382 |   589 |   156 ||  2013
       Crystal plate arm |       |       |       |       |   346 |       |       |       |       ||   346
       Chain mail        |       |       |       |       |     8 |       |       |       |       ||     8
       Gold dragon scale |       |       |       |       |       |       |       |       |   888 ||   888
Dodge: Dodged            |    73 |    39 |   102 |   364 |   381 |   567 |   475 |   638 |   825 ||  3464
       Repelled          |       |       |       |       |     7 |    16 |    16 |    18 |    24 ||    81

Table legend: (Time is in decaauts)
 A = Elapsed time spent in this place.
 B = Non-inter-level travel time spent in this place.
 C = Inter-level travel time spent in this place.
 D = Time resting spent in this place.
 E = Time spent auto-exploring this place.
 F = Levels seen in this place.
 G = Mean time per level.
                   A        B        C        D        E       F      G
               +--------+--------+--------+--------+--------+-----+--------+
         Total |  75558 |  69408 |   6150 |  14998 |  33231 |  62 | 1218.7 |
       Dungeon |  13877 |  12044 |   1833 |   1321 |   7313 |  15 |  925.1 |
          Lair |   7625 |   6857 |    768 |   1455 |   3538 |   6 | 1270.8 |
         Swamp |   3738 |   3515 |    223 |    153 |   2581 |   4 |  934.5 |
   Spider Nest |   6116 |   5821 |    295 |   1488 |   2785 |   4 | 1529.0 |
    Slime Pits |   1892 |   1842 |     50 |    916 |    211 |   5 |  378.4 |
  Orcish Mines |   3592 |   3020 |    572 |    643 |   1375 |   2 | 1796.0 |
   Elven Halls |   5674 |   5084 |    590 |   1066 |   1992 |   3 | 1891.3 |
        Vaults |   9740 |   9063 |    677 |   1171 |   4915 |   5 | 1948.0 |
         Crypt |   3885 |   3709 |    176 |   1130 |   1597 |   3 | 1295.0 |
        Depths |   8553 |   7769 |    784 |   1804 |   3897 |   5 | 1710.6 |
           Zot |   7336 |   7157 |    179 |   2782 |   2118 |   5 | 1467.2 |
        Bazaar |    224 |    224 |      0 |      0 |     61 |   1 |  224.0 |
        Bailey |    502 |    502 |      0 |    111 |    147 |   1 |  502.0 |
      Ice Cave |   1426 |   1426 |      0 |    539 |    246 |   1 | 1426.0 |
        Wizlab |    949 |    949 |      0 |    388 |    237 |   1 |  949.0 |
      Gauntlet |    421 |    421 |      0 |     28 |    215 |   1 |  421.0 |
               +--------+--------+--------+--------+--------+-----+--------+

Top non-repeatable levels by time:
   Elf:3: 2452 daAuts
Vaults:4: 2289 daAuts
Depths:5: 2144 daAuts
  Lair:2: 2141 daAuts
Spider:2: 2098 daAuts
Vaults:3: 2024 daAuts
Vaults:5: 1974 daAuts
Depths:4: 1955 daAuts
   Zot:4: 1859 daAuts
   Zot:2: 1813 daAuts
Vaults:1: 1812 daAuts
   Orc:1: 1796 daAuts
   Orc:2: 1795 daAuts
   Elf:1: 1711 daAuts
Vaults:2: 1639 daAuts
